 Dungeon Sprint DCSS version 0.30-a0-852-g08b95dd62f (webtiles) character file.

Game seed: 326281294691243962

2238 dialectric the Basher (level 9, -15/97 HPs)
             Began as a Gargoyle Fighter on Mar 4, 2023.
             Was a Believer of Trog.
             Demolished by a skeletal warrior
             ... wielding a +0 scimitar
              (25 damage)
             ... in the Dungeon (Sprint II: "The Violet Keep of Menkaure").
             The game lasted 00:04:50 (1027 turns).

dialectric the Basher (Gargoyle Fighter)            Turns: 1027, Time: 00:04:50

Health: -15/97     AC:  0    Str: 22    XL:     9   Next: 36%
Magic:  9/9        EV: 15    Int:  9    God:    Trog [**....]
Gold:   894        SH:  0    Dex: 11    Spells: 8/8 levels left

rFire   . . .      SeeInvis .    w - melded +2 whip (venom)
rCold   . . .      Faith    .    (shield currently unavailable)
rNeg    + . .      Spirit   .    p - melded +0 chain mail
rPois   ∞          Reflect  .    (helmet currently unavailable)
rElec   .          Rampage  .    (cloak currently unavailable)
rCorr   .          NoTele   +    x - melded +0 pair of gloves
Will    .....                    (boots currently unavailable) Stlth
                                 (no amulet)
HPRegen 0.36/turn                (ring currently unavailable)
MPRegen 0.11/turn                (ring currently unavailable)

@: berserking (expiring), pig-form, very quick
A: fast, no casting, sickness immunity, AC +6, small, negative energy resistance
1, (electricity resistance), torment resistance 1, petrification resistance
a: Renounce Religion, Berserk, Trog's Hand


You were in the Dungeon.
You worshipped Trog.
Trog was pleased with you.
You were a filthy swine.
You visited 1 branch You collected 1115 gold pieces.
You spent 221 gold pieces at shops.

Inventory:

Hand Weapons
 a - a +0 flail
 g - a +0 arbalest
 w - a +2 whip of venom (melded)
Missiles
 k - 6 javelins
Armour
 b - a +0 scale mail
 c - a +0 buckler
 p - a +0 chain mail (melded)
 x - a +0 pair of gloves (melded)
Jewellery
 v - a ring of see invisible
Scrolls
 d - 6 scrolls of identify {unknown}
 j - 2 scrolls of enchant armour {unknown}
 m - a scroll of immolation {unknown}
 n - 2 scrolls of fear {unknown}
 s - 3 scrolls of magic mapping {unknown}
 u - a scroll of butterflies {unknown}
Potions
 e - 3 potions of curing
 f - a potion of heal wounds
 h - 5 potions of magic
 i - 2 potions of berserk rage
 l - a potion of cancellation {unknown}
 o - a potion of might
 q - 3 potions of resistance {unknown}
 r - 3 potions of flight {unknown}
 t - 2 potions of lignification {unknown}


   Skills:
 + Level 11.7 Fighting
 * Level 13.9 Maces & Flails
 + Level 2.0 Throwing
 + Level 11.1 Armour
 - Level 4.1 Dodging
 + Level 0.1 Stealth
 - Level 5.3 Shields


You had 8 spell levels left.
You didn't know any spells.
Your spell library was empty.

Dungeon Overview and Level Annotations

Branches:
Dungeon (1/1)

Altars:
Cheibriados
Dithmenos
Elyvilon
Fedhas
Gozag
Hepliaklqana
Kikubaaqudgha
Makhleb
Nemelex Xobeh
Okawaru
Qazlal
Ru
Sif Muna
Trog
Uskayaw
Vehumet
Wu Jian
Xom
Yredelemnul
Zin
The Shining One
Jiyva
Lugonu

Shops:
D !:[=?=![!([*:[:

Annotations:
D exclusion: oklob plant, Kirke


Innate Abilities, Weirdness & Mutations

You are a filthy swine.
You move quickly.
Your equipment is almost entirely melded.
You are incapable of wielding weapons or throwing items.
You cannot cast spells.
You are immune to sickness and miasma.
((Your stone body is resilient. (AC +6)))
You are immune to poison.
You resist negative energy. (rN+)
((You are resistant to electric shocks. (rElec)))
You are resistant to unholy torment.
You are immune to petrification.


Message History

You bite Kirke!
Kirke is lightly wounded.
The skeletal warrior misses you. Kirke misses you.
You completely miss Kirke.
Kirke is lightly wounded.
You bite Kirke!
Kirke is lightly wounded.
The skeletal warrior hits you with a +0 scimitar!!
Kirke gestures wildly while chanting.
Kirke summons a manticore!
You barely miss Kirke.
Kirke is lightly wounded.
Kirke hits you!
The skeletal warrior hits you with a +0 scimitar!
You hit Kirke.
Kirke is lightly wounded.
You closely miss Kirke.
Kirke is lightly wounded.
Kirke hits you. The skeletal warrior barely misses you.
You closely miss Kirke.
Kirke is lightly wounded.
You barely miss Kirke.
Kirke is lightly wounded.
Kirke hits you!
The skeletal warrior hits you with a +0 scimitar!
* * * LOW HITPOINT WARNING * * *
You closely miss Kirke.
Kirke is lightly wounded.
You bite Kirke!
Kirke is moderately wounded.
The skeletal warrior hits you with a +0 scimitar!
* * * LOW HITPOINT WARNING * * *
Kirke hits you!
* * * LOW HITPOINT WARNING * * *
You closely miss Kirke.
Kirke is moderately wounded.
You bite Kirke!
Kirke is moderately wounded.
The skeletal warrior hits you with a +0 scimitar!!
You die... +.°z≈§≈...§§# +.° K ○≈.zzzz≈≈ #.. z@.~## zzzzz

#.. #########~~#+++#+++## #:
########~~~.........# #|
∩.∩....#~~~~.##'##..# #○
.∩.∩...#~~~~##.#.##.#### +.##.#=
..∩.∩..#~~~~#@###z# ...# ...###
...∩.⌠.#~~####.#h####..## #..# $
..∩....#~##.###@###.##..# +..# y
.∩.∩...#~#..###H##...#..# #..# .
∩.∩....'~'##.'.<.'##.'..####..##.
.∩.....#~#..###.##...#....###...#
▓▓▓▓▓###~##.###'###.##..§...~~~~~
hh######~~####.).####~~..§..~#'##
${#HH ##~~~#..#..#~~~§§~§§.~#_._
P)+H.#+ #'#~##. .##~~~~§~~~§~#._.


You could see Kirke, a skeletal warrior and a manticore (summoned).

Vanquished Creatures
  A merfolk siren (D)
  A yaktaur (D)
  2 polar bears (D)
  A hornet (D)
  A blink frog (D)
  2 wyverns (D)
  Menkaure (D)
  A water moccasin (D)
  4 necrophages (D)
  4 scorpions (D)
18 creatures vanquished.

Vanquished Creatures (others)
  8 tentacles (D)
8 creatures vanquished.

Grand Total: 26 creatures vanquished

Notes
Turn   | Place    | Note
-------+----------+-------------------------------------------
     0 | D        | dialectric the Gargoyle Fighter began the quest for the
                  | Orb.
     0 | D        | Reached XP level 1. HP: 14/14 MP: 1/1
     8 | D        | Noticed a scorpion
     8 | D        | Noticed a scorpion
    13 | D        | Killed a scorpion
    14 | D        | Reached skill level 5 in Fighting
    14 | D        | Reached skill level 5 in Armour
    14 | D        | Reached skill level 5 in Shields
    14 | D        | Reached XP level 2. HP: 15/21 MP: 2/2
    14 | D        | Reached XP level 3. HP: 19/26 MP: 3/3
    19 | D        | Killed a scorpion
    20 | D        | Reached skill level 3 in Maces & Flails
    20 | D        | Reached XP level 4. HP: 23/32 MP: 4/4
    20 | D        | Reached XP level 5. HP: 26/37 MP: 5/5
    25 | D        | Reached skill level 4 in Maces & Flails
    35 | D        | Reached XP level 6. HP: 33/44 MP: 6/6
    44 | D        | Reached skill level 5 in Maces & Flails
    52 | D        | Reached skill level 6 in Maces & Flails
    73 | D        | Reached skill level 7 in Maces & Flails
    73 | D        | Reached XP level 7. HP: 32/51 MP: 7/7
    81 | D        | Found an iron altar of Okawaru.
    81 | D        | Found an opulent altar of Gozag.
    82 | D        | Found a sparkling altar of Nemelex Xobeh.
    82 | D        | Found a blossoming altar of Fedhas.
    83 | D        | Found a radiant altar of Vehumet.
    83 | D        | Found a burning altar of Makhleb.
    83 | D        | Found a white marble altar of Elyvilon.
    84 | D        | Found a hide-covered altar of Uskayaw.
    84 | D        | Found a corrupted altar of Lugonu.
    84 | D        | Found a shadowy altar of Dithmenos.
    92 | D        | Found a glowing silver altar of Zin.
    92 | D        | Found a bloodstained altar of Trog.
    92 | D        | Found an ancient bone altar of Kikubaaqudgha.
    92 | D        | Found a snail-covered altar of Cheibriados.
    93 | D        | Found a basalt altar of Yredelemnul.
    93 | D        | Found a shimmering blue altar of Sif Muna.
    93 | D        | Found a viscous altar of Jiyva.
    94 | D        | Found a shimmering altar of Xom.
    94 | D        | Found a sacrificial altar of Ru.
    96 | D        | Found a glowing golden altar of the Shining One.
    96 | D        | Found an ornate altar of the Wu Jian Council.
    96 | D        | Found a stormy altar of Qazlal.
    96 | D        | Found a hazy altar of Hepliaklqana.
   101 | D        | Became a worshipper of Trog the Wrathful
   112 | D        | Noticed a kraken
   234 | D        | Noticed a yaktaur
   234 | D        | Noticed a hornet
   234 | D        | Noticed a polar bear
   234 | D        | Noticed a polar bear
   235 | D        | Noticed a polar bear
   262 | D        | Found Ysusoc's Antique Armour Emporium.
   262 | D        | Found Jusoqes's Antique Weapon Shoppe.
   262 | D        | Found Zarapumy's Book Shoppe.
   262 | D        | Found Uhis's Book Shoppe.
   262 | D        | Found Daofyqab's Distillery.
   262 | D        | Found Unaluo's General Store.
   262 | D        | Found Coderen's Armour Shoppe.
   263 | D        | Found Ungin's Distillery.
   263 | D        | Found Emafiat's Jewellery Shoppe.
   263 | D        | Found Avvafuesch's Magic Scroll Shoppe.
   264 | D        | Found Qanixema's Antique Armour Emporium.
   264 | D        | Noticed a hell hog
   265 | D        | Found Leviss's Jewellery Shoppe.
   265 | D        | Found Lim Hute's Antique Armour Emporium.
   265 | D        | Noticed Menkaure
   265 | D        | Noticed a hell hog
   265 | D        | Noticed an oklob plant
   266 | D        | Found Nisa's Distillery.
   266 | D        | Found Buh Funo's Book Shoppe.
   270 | D        | Noticed a manticore
   272 | D        | Noticed a manticore
   282 | D        | Killed Menkaure
   283 | D        | Reached skill level 8 in Maces & Flails
   317 | D        | Killed a yaktaur
   317 | D        | Reached * piety under Trog
   318 | D        | Reached skill level 10 in Fighting
   318 | D        | Reached skill level 10 in Maces & Flails
   318 | D        | Reached XP level 8. HP: 42/57 MP: 8/8
   384 | D        | Bought a potion of heal wounds for 50 gold pieces
   384 | D        | Noticed a manticore
   398 | D        | Noticed a blink frog
   418 | D        | HP: 2/57 [blink frog (11)]
   428 | D        | Killed a blink frog
   429 | D        | Reached skill level 11 in Maces & Flails
   433 | D        | Bought a runed whip for 104 gold pieces
   466 | D        | Bought a pair of gloves for 67 gold pieces
   595 | D        | Noticed a wyvern
   595 | D        | Noticed a wyvern
   606 | D        | Killed a wyvern
   607 | D        | Reached skill level 10 in Armour
   615 | D        | Killed a wyvern
   616 | D        | Reached skill level 1 in Throwing
   622 | D        | Noticed a flying skull
   622 | D        | Noticed a flying skull
   622 | D        | Noticed a flying skull
   622 | D        | Noticed a flying skull
   622 | D        | Noticed a flying skull
   622 | D        | Noticed a flying skull
   622 | D        | Noticed a flying skull
   623 | D        | Noticed a flying skull
   623 | D        | Noticed a flying skull
   623 | D        | Noticed a flying skull
   623 | D        | Noticed a flying skull
   625 | D        | Noticed a flying skull
   636 | D        | Noticed a merfolk siren
   646 | D        | Killed a merfolk siren
   646 | D        | Reached ** piety under Trog
   647 | D        | Reached skill level 12 in Maces & Flails
   728 | D        | Killed a hornet
   729 | D        | Reached skill level 13 in Maces & Flails
   729 | D        | Reached XP level 9. HP: 55/64 MP: 9/9
   751 | D        | Killed a polar bear
   782 | D        | Killed a polar bear
   782 | D        | Reached *** piety under Trog
   999 | D        | Noticed Kirke
   999 | D        | Noticed a skeletal warrior
   999 | D        | Noticed a kobold demonologist
  1019 | D        | Noticed a manticore
  1027 | D        | Demolished by a skeletal warrior

Illustrated notes

Levels and vault maps discovered:
D:        the_violet_keep_of_menkaure [sprint2_stairs_cluster_1,
          sprint2_shoproom, sprint2_temple, sprint2_basic_supplies,
          sprint2_obstacle_6, sprint2_obstacle_7, sprint2_obstacle_1,
          sprint2_obstacle_4, sprint2_obstacle_3, sprint2_timed_cluster_1,
          sprint2_smallroom_cluster_1, sprint2_smallroom_final_cluster_1,
          sprint2_transparent_cluster_1, sprint2_second_timed_cluster_1,
          sprint2_sniper_area_1, sprint2_heavy_combat_area_1,
          sprint2_mutation_trap_area_1, sprint2_forest_area_1,
          sprint2_light_combat_area_1, sprint2_behind_water_1,
          sprint2_near_end_vault_1]

Skill      XL: |  1  2  3  4  5  6  7  8  9 |
---------------+----------------------------+-----
Fighting       | 5 6 8 9 10 11 | 11.7
Armour         | 5 6 7 8 9 10 11 | 11.1
Shields        | 5 |  5.3
Maces & Flails | 3 4 7 10 13 | 13.9
Dodging        | 2 3 4 |  4.1
Throwing       | 1 2 |  2.0
Stealth        | |  0.1

Action                     |  1- 3 |  4- 6 |  7- 9 || total
---------------------------+-------+-------+-------++-------
  Melee: Flail             |    10 |    45 |    21 ||    76
         Punch             |     1 |     2 |     1 ||     4
         Whip              |       |       |    66 ||    66
         Unarmed           |       |       |    13 ||    13
  Throw: Javelin           |       |       |     7 ||     7
 Invoke: Berserk           |       |       |     1 ||     1
    Use: Potion            |     1 |       |     3 ||     4
         Scroll            |       |       |     1 ||     1
 Armour: Scale mail        |     2 |    20 |    10 ||    32
         Chain mail        |       |       |    39 ||    39
  Dodge: Dodged            |     7 |    21 |    34 ||    62

Table legend: (Time is in decaauts)
 A = Elapsed time spent in this place.
 B = Non-inter-level travel time spent in this place.
 C = Inter-level travel time spent in this place.
 D = Time resting spent in this place.
 E = Time spent auto-exploring this place.
 F = Levels seen in this place.
 G = Mean time per level.
                   A        B        C        D        E       F      G
               +--------+--------+--------+--------+--------+-----+--------+
         Total |    999 |    999 |      0 |    263 |    216 |   1 |  999.0 |
       Dungeon |    999 |    999 |      0 |    263 |    216 |   1 |  999.0 |
               +--------+--------+--------+--------+--------+-----+--------+

Top non-repeatable levels by time:
       D: 999 daAuts
